 Dungeon Crawl Stone Soup version 0.31-a0-889-g1a8549509d (webtiles) character file.

Game seed: 2797534010892659590

19 Arzdou the Ruffian (level 2, 0/21 HPs)
             Began as a Demonspawn Shapeshifter on Oct 16, 2023.
             Slain by a jackal (2 damage)
             ... on level 2 of the Dungeon.
             The game lasted 00:01:56 (834 turns).

Arzdou the Ruffian (Demonspawn Shapeshifter)         Turns: 834, Time: 00:01:57

Health: 0/21       AC:  2    Str: 14    XL:     2   Next: 55%
Magic:  2/2        EV: 12    Int: 11    God:
Gold:   74         SH:  0    Dex: 12    Spells: 1/1 levels left

rFire   . .          .
                       - Unarmed
rCold   . . .        (no shield)
rNeg    . . .        a - +0 animal skin
rPois   .            (helmet currently unavailable)
rElec   .            (cloak currently unavailable)
rCorr   .            (gloves currently unavailable)
SInv    .            (boots currently unavailable)
Will    .....        (no amulet)
Stlth   +            (no ring)
HPRegen 0.23/turn    (no ring)
MPRegen 0.08/turn

%: no passive effects
@: beast-form
A: beast (slay +1), demonic guardian 1
a: Begin Untransformation


You were on level 2 of the Dungeon.
You were a hulking beast.
You visited 1 branch of the dungeon, and saw 2 of its levels.

You collected 74 gold pieces.

Inventory:

Missiles
 g - 4 curare-tipped darts (quivered)
Armour
 a - a +0 animal skin (worn)
Jewellery
 l - a ring of flight
Talismans
 c - a beast talisman (active)
 d - a flux talisman
Scrolls
 e - 2 scrolls of identify {unknown}
 f - a scroll of immolation {unknown}
 j - a scroll of teleportation {unknown}
Potions
 b - a potion of lignification
 h - a potion of invisibility {unknown}
 i - a potion of curing {unknown}
 k - a potion of degeneration {unknown}


   Skills:
 + Level 1.5 Fighting
 + Level 2.1 Dodging
 + Level 2.9 Unarmed Combat
 + Level 2.9 Shapeshifting


You had one spell level left.
You didn't know any spells.
Your spell library was empty.

Dungeon Overview and Level Annotations

Branches:
Dungeon (2/15)

Altars:

Annotations:
D:2 Natasha


Innate Abilities, Weirdness & Mutations

You are a hulking beast.
Your limbs bulge with bestial killing power. (Slay +1)
A weak demonic guardian rushes to your aid.


Message History

A hobgoblin comes into view.
Natasha mumbles some strange words.
The cerulean imp hits you from afar with a +2 spear.
A jackal comes into view.
The jackal barks!
The hobgoblin shouts!
You hear a bark!
Natasha casts a spell.
The jackal attacks as it pursues you!
The jackal bites you but does no damage.
The cerulean imp attacks as it pursues you!
The cerulean imp completely misses you. The jackal attacks as it pursues you!
The jackal misses you. The jackal barely misses you.
The cerulean imp closely misses you. The jackal barely misses you.
You hit the jackal.
The jackal is severely wounded.
The cerulean imp hits you from afar with a +2 spear.
The jackal barely misses you.
You hit the jackal.
The jackal is almost dead.
The jackal bites you but does no damage.
The cerulean imp barely misses you.
You completely miss the jackal.
The jackal is almost dead.
The cerulean imp hits you from afar with a +2 spear.
The cerulean imp attacks as it pursues you!
The cerulean imp hits you from afar with a +2 spear.
The cerulean imp attacks as it pursues you!
The cerulean imp closely misses you.
The cerulean imp attacks as it pursues you!
The cerulean imp hits you from afar with a +2 spear.
* * * LOW HITPOINT WARNING * * *
The cerulean imp hits you from afar with a +2 spear.
* * * LOW HITPOINT WARNING * * *
A demonic guardian appears!
The jackal barely misses you.
The cerulean imp closely misses your iron imp.
The cerulean imp attacks as it pursues you!
The cerulean imp hits you but does no damage.
The jackal attacks as it pursues you! The jackal bites you.
You die...

#...(....#
+...<....#
#......†.#
#........#
#........#
+.......>##
#........<#
#.........#
#.######h.# #.
#h.# #. #..#
#.######5.#
#......5..#
#######5##
##########h#
......)..hh# #
.#########5##.#


You could see Natasha, 2 cerulean imps, 3 jackals and a friendly iron imp
(summoned).

Vanquished Creatures
  2 ball pythons
  An endoplasm (D:1)
  3 goblins (D:1)
  A hobgoblin (D:1)
  3 kobolds
  3 bats (D:1)
  4 rats (D:1)
17 creatures vanquished.

Notes
Turn   | Place    | Note
-------+----------+-------------------------------------------
     0 | D:1      | Arzdou the Demonspawn Shapeshifter began the quest for the
                  | Orb.
     0 | D:1      | Reached XP level 1. HP: 15/15 MP: 1/1
   125 | D:1      | Gained mutation: A weak demonic guardian rushes to your
                  | aid. [demonic ancestry]
   125 | D:1      | Reached XP level 2. HP: 6/21 MP: 2/2
   819 | D:2      | Noticed Natasha
   834 | D:2      | Slain by a jackal

Illustrated notes

Levels and vault maps discovered:
D:1:      erik_arrival_triangle_medium, layout_loops_ring,
          minmay_misc_feat_columns
D:2:      layout_basic, serial_shops, shop, minmay_tromino_v7, uniq_sigmund,
          uniq_natasha

Skill      XL: |  1 |
---------------+----+-----
Dodging        | 2 |  2.1
Fighting       | |  1.5
Unarmed Combat | |  2.9
Shapeshifting  | |  2.9

Action                     || total
---------------------------++-------
  Melee: Unarmed           ||    46
 Armour: Animal skin       ||    31
  Dodge: Dodged            ||    37

Table legend: (Time is in decaauts)
 A = Elapsed time spent in this place.
 B = Non-inter-level travel time spent in this place.
 C = Inter-level travel time spent in this place.
 D = Time resting spent in this place.
 E = Time spent auto-exploring this place.
 F = Levels seen in this place.
 G = Mean time per level.
                   A        B        C        D        E       F      G
               +--------+--------+--------+--------+--------+-----+--------+
         Total |    831 |    785 |     46 |      0 |    669 |   2 |  415.5 |
       Dungeon |    831 |    785 |     46 |      0 |    669 |   2 |  415.5 |
               +--------+--------+--------+--------+--------+-----+--------+

Top non-repeatable levels by time:
     D:1: 773 daAuts
     D:2: 58 daAuts
